BUFFALO vs TAMPA BAY

Created - January 10, 2021 at 07:07

Goals
1 2 3 T
BUFFALO 0 0 0 0
TAMPA BAY 2 0 2 4
Shots
1 2 3 T
BUFFALO 9 3 4 16
TAMPA BAY 15 8 13 36

1st period

1. TAMPA BAY , Brandon Montour 3 (Sebastian Aho 1, Pavel Francouz) at 2:09 (PP)
2. TAMPA BAY , Filip Forsberg 2 (Rasmus Andersson 1) at 3:26

Penalties :
Marco Scandella (BUF) for Roughing (Minor) at 1:59, Jordan Staal (BUF) for High sticking (Minor) at 10:53

2nd period

No Goal

Penalties :
Charlie Coyle (BUF) for Hooking (Minor) at 14:54, Alex Killorn (BUF) for Boarding (Minor) at 16:58

3rd period

3. TAMPA BAY , Mathew Barzal 1 (Filip Forsberg 1, Rasmus Andersson 2) at 7:56
4. TAMPA BAY , Robby Fabbri 1 (Josh Brown 2) at 12:03

Penalties :
No Penalty

Goalie Stats

Tuukka Rask (BUF), 32 saves from 36 shots - (0.889), L, 2-1-2, 60:00 minutes
Pavel Francouz (TB ), 16 saves from 16 shots - (1.000), W, 2-0-3, 60:00 minutes

Players Stats for BUFFALO

Player Name              G  A  P  +/- PIM S  H  SB GA TA FO     MP     PP MP  PK MP  
------------------------------------------------------------------------------------
Alex Killorn             0  0  0  -1  2   2  2  0  0  0  0/1    17:00   0:00   0:58 
Brad Marchand            0  0  0  -1  0   1  2  0  0  0  3/7    21:17   0:00   3:03 
Carl Hagelin             0  0  0   0  0   0  0  0  0  0  0/1     7:47   0:00   1:52 
Charlie Coyle            0  0  0  -1  2   1  0  0  0  0  1/2    16:02   0:00   0:00 
Drew Doughty             0  0  0   0  0   0  3  2  0  0  0/0    25:04   0:00   3:28 
Eric Staal               0  0  0  -1  0   2  0  0  0  0  10/17  21:11   0:00   2:57 
Frank Vatrano            0  0  0  -1  0   2  0  0  0  0  0/0    13:41   0:00   0:00 
James van Riemsdyk       0  0  0  -1  0   2  0  0  0  0  0/0    13:41   0:00   0:00 
Jordan Staal             0  0  0  -1  2   0  2  0  0  0  9/15   14:20   0:00   0:40 
Marco Scandella          0  0  0  -2  2   0  2  1  0  0  0/0    14:53   0:00   0:00 
Matt Duchene             0  0  0  -1  0   1  0  0  0  0  14/18  16:03   0:00   0:00 
Matt Grzelcyk            0  0  0  -2  0   1  1  2  0  0  0/0    15:02   0:00   0:08 
Noah Hanifin             0  0  0  -1  0   0  1  0  0  0  0/0    20:02   0:00   2:39 
Noel Acciari             0  0  0   0  0   1  0  0  0  0  1/6     6:20   0:00   0:25 
Ondrej Kase              0  0  0   0  0   1  0  0  0  0  1/1     5:55   0:00   0:00 
Phil Kessel              0  0  0  -1  0   1  0  0  0  0  1/1    20:33   0:00   2:19 
Roman Josi               0  0  0   0  0   1  2  0  0  0  0/0    24:56   0:00   3:20 
Shea Theodore            0  0  0  -1  0   0  0  1  0  0  0/0    20:02   0:00   2:39 

Players Stats for TAMPA BAY

Player Name              G  A  P  +/- PIM S  H  SB GA TA FO     MP     PP MP  PK MP  
------------------------------------------------------------------------------------
Brandon Montour          1  0  1   0  0   2  2  0  0  0  0/0    23:04   3:16   0:00 
Dylan DeMelo             0  0  0   1  0   0  0  1  0  0  0/0    17:54   0:00   0:00 
Elias Lindholm           0  0  0   0  0   8  2  0  0  0  0/1    20:03   2:54   0:00 
Filip Chytil             0  0  0   1  0   3  1  1  0  0  3/14   15:50   0:00   0:00 
Filip Forsberg           1  1  2   2  0   3  6  0  0  0  0/2    18:47   2:37   0:00 
Jake Virtanen            0  0  0   1  0   3  3  0  0  0  0/0    16:26   0:36   0:00 
Jesper Bratt             0  0  0   0  0   1  0  0  0  0  0/0     4:44   0:00   0:00 
John Klingberg           0  0  0   0  0   2  0  1  0  0  0/0    23:04   3:16   0:00 
Josh Brown               0  1  1   1  0   1  1  0  0  0  0/0    17:54   0:00   0:00 
Lucas Wallmark           0  0  0   0  0   0  0  0  0  0  0/0     2:32   0:36   0:00 
Mathew Barzal            1  0  1   2  0   4  0  0  0  0  6/23   18:47   2:37   0:00 
Rasmus Andersson         0  2  2   2  0   1  1  0  0  0  0/0    19:02   2:51   0:00 
Robby Fabbri             1  0  1   1  0   1  0  0  0  0  0/2    16:26   0:36   0:00 
Ryan O'Reilly            0  0  0   0  0   1  0  0  0  0  16/20  22:51   2:54   0:00 
Sebastian Aho            0  1  1   0  0   2  1  0  0  0  2/2    20:03   2:54   0:00 
Tyson Jost               0  0  0   0  0   0  1  0  0  0  2/5     4:44   0:00   0:00 
Viktor Arvidsson         0  0  0   2  0   3  0  1  0  0  0/0    18:47   2:37   0:00 
Vladislav Gavrikov       0  0  0   2  0   1  2  1  0  0  0/0    19:02   2:51   0:00 

3 Stars

1 - Filip Forsberg (TB )
2 - Rasmus Andersson (TB )
3 - Pavel Francouz (TB )

Power Play

BUFFALO - 0 on 0 Attempt(s) - 0.00%
TAMPA BAY - 1 on 4 Attempt(s) - 25.00%

Penalty Kill

BUFFALO - 3 on 4 Attempt(s) - 75.00% - Score 0 goal in Penalty Kill
TAMPA BAY - 0 on 0 Attempt(s) - 0.00% - Score 0 goal in Penalty Kill

Team Stat

BUFFALO - Hits : 15 - Faceoff Wins : 40 - Blocked Shots : 6 - Penalty Minutes : 8
TAMPA BAY - Hits : 20 - Faceoff Wins : 29 - Blocked Shots : 5 - Penalty Minutes : 0

Official

Referees : Jon McIsaac and Ben O'Quinn
Linesman : David Brisebois and Ryan Daisy

Game Notes

No Game Note

Finance

Level 1 -- Attendance: 4665 (77.75%) -- Ticket Income $466,500
Level 2 -- Attendance: 4073 (81.46%) -- Ticket Income $244,380
Level 3 -- Attendance: 2000 (100.00%) -- Ticket Income $70,000
Level 4 -- Attendance: 4000 (100.00%) -- Ticket Income $80,000
Luxury Box -- Attendance: 737 (73.70%) -- Ticket Income $147,400
Game was played at the Amalie Arena.
Total Attendance: 15475 (85.97%)
Total Ticket Income: $1,008,280
Total Income: $1,008,280

BUFFALO

5 vs 5 Forward 
   Center                   Left Wing                Right Wing               Time % Phy DF OF 
 1 Eric Staal               Brad Marchand            Phil Kessel              35     1   2  2  
 2 Matt Duchene             Alex Killorn             Charlie Coyle            30     1   2  2  
 3 Jordan Staal             James van Riemsdyk       Frank Vatrano            25     1   2  2  
 4 Noel Acciari             Carl Hagelin             Ondrej Kase              10     1   2  2  

5 vs 5 Defense 
   Defense                  Defense                                           Time % Phy DF OF 
 1 Roman Josi               Drew Doughty                                      35     1   2  2  
 2 Noah Hanifin             Shea Theodore                                     30     1   2  2  
 3 Marco Scandella          Matt Grzelcyk                                     25     1   2  2  
 4 Roman Josi               Drew Doughty                                      10     1   2  2  

PowerPlay Forward 
   Center                   Left Wing                Right Wing               Time % Phy DF OF 
 1 Eric Staal               Brad Marchand            Phil Kessel              60     1   2  2  
 2 Matt Duchene             Alex Killorn             Charlie Coyle            40     1   2  2  

PowerPlay Defense
   Defense                  Defense                                           Time % Phy DF OF 
 1 Roman Josi               Drew Doughty                                      60     1   2  2  
 2 Noah Hanifin             Shea Theodore                                     40     1   2  2  

Penalty Kill 4 Players Forward 
   Center                   Wing                     Time % Phy DF OF 
 1 Brad Marchand            Eric Staal               60     1   2  2  
 2 Phil Kessel              Alex Killorn             40     1   2  2  

Penalty Kill 4 Players Defense
   Defense                  Defense                  Time % Phy DF OF 
 1 Roman Josi               Drew Doughty             60     1   2  2  
 2 Noah Hanifin             Shea Theodore            40     1   2  2  

Penalty Kill - 3 Players Forward 
   Forward                                           Time % Phy DF OF 
 1 Brad Marchand                                     60     1   2  2  
 2 Eric Staal                                        40     1   2  2  

Penalty Kill - 3 Players Defense
   Defense                  Defense                  Time % Phy DF OF 
 1 Roman Josi               Drew Doughty             60     1   2  2  
 2 Noah Hanifin             Shea Theodore            40     1   2  2  

4 vs 4 Forward 
   Center                   Wing                     Time % Phy DF OF 
 1 Brad Marchand            Eric Staal               60     1   2  2  
 2 Phil Kessel              Alex Killorn             40     1   2  2  

4 vs 4 Defense
   Defense                  Defense                  Time % Phy DF OF 
 1 Roman Josi               Drew Doughty             60     1   2  2  
 2 Noah Hanifin             Shea Theodore            40     1   2  2  

Last Minutes Offensive
   Center                   Left Wing                Right Wing               Defense                  Defense                  
   Eric Staal               Brad Marchand            Phil Kessel              Roman Josi               Drew Doughty             

Last Minutes Defensive
   Center                   Left Wing                Right Wing               Defense                  Defense                  
   Eric Staal               Brad Marchand            Phil Kessel              Roman Josi               Drew Doughty             

Goaltenders
Starting : Tuukka Rask              
Backup : Alex Stalock             

Extra Forwards
Normal : Jordan Staal, James van Riemsdyk, Carl Hagelin - PP : Jordan Staal, James van Riemsdyk - PK : Carl Hagelin
Extra Defensemen
Normal : Marco Scandella, Matt Grzelcyk, Noah Hanifin - PP : Marco Scandella - PK : Matt Grzelcyk, Noah Hanifin
Penalty Shots
Brad Marchand, Eric Staal, Phil Kessel, Alex Killorn, Matt Duchene

Scratches
None

TAMPA BAY

5 vs 5 Forward 
   Center                   Left Wing                Right Wing               Time % Phy DF OF 
 1 Ryan O'Reilly            Sebastian Aho            Elias Lindholm           35     1   2  2  
 2 Mathew Barzal            Filip Forsberg           Viktor Arvidsson         30     1   2  2  
 3 Filip Chytil             Jake Virtanen            Robby Fabbri             25     1   2  2  
 4 Tyson Jost               Jesper Bratt             Ryan O'Reilly            10     1   2  2  

5 vs 5 Defense 
   Defense                  Defense                                           Time % Phy DF OF 
 1 John Klingberg           Brandon Montour                                   35     1   2  2  
 2 Vladislav Gavrikov       Rasmus Andersson                                  30     1   2  2  
 3 Dylan DeMelo             Josh Brown                                        25     1   2  2  
 4 John Klingberg           Brandon Montour                                   10     1   2  2  

PowerPlay Forward 
   Center                   Left Wing                Right Wing               Time % Phy DF OF 
 1 Ryan O'Reilly            Sebastian Aho            Elias Lindholm           60     1   2  2  
 2 Mathew Barzal            Filip Forsberg           Viktor Arvidsson         40     1   2  2  

PowerPlay Defense
   Defense                  Defense                                           Time % Phy DF OF 
 1 John Klingberg           Brandon Montour                                   60     1   2  2  
 2 Vladislav Gavrikov       Rasmus Andersson                                  40     1   2  2  

Penalty Kill 4 Players Forward 
   Center                   Wing                     Time % Phy DF OF 
 1 Ryan O'Reilly            Sebastian Aho            60     1   2  2  
 2 Elias Lindholm           Mathew Barzal            40     1   2  2  

Penalty Kill 4 Players Defense
   Defense                  Defense                  Time % Phy DF OF 
 1 John Klingberg           Brandon Montour          60     1   2  2  
 2 Vladislav Gavrikov       Rasmus Andersson         40     1   2  2  

Penalty Kill - 3 Players Forward 
   Forward                                           Time % Phy DF OF 
 1 Ryan O'Reilly                                     60     1   2  2  
 2 Sebastian Aho                                     40     1   2  2  

Penalty Kill - 3 Players Defense
   Defense                  Defense                  Time % Phy DF OF 
 1 John Klingberg           Brandon Montour          60     1   2  2  
 2 Vladislav Gavrikov       Rasmus Andersson         40     1   2  2  

4 vs 4 Forward 
   Center                   Wing                     Time % Phy DF OF 
 1 Ryan O'Reilly            Sebastian Aho            60     1   2  2  
 2 Elias Lindholm           Mathew Barzal            40     1   2  2  

4 vs 4 Defense
   Defense                  Defense                  Time % Phy DF OF 
 1 John Klingberg           Brandon Montour          60     1   2  2  
 2 Vladislav Gavrikov       Rasmus Andersson         40     1   2  2  

Last Minutes Offensive
   Center                   Left Wing                Right Wing               Defense                  Defense                  
   Ryan O'Reilly            Sebastian Aho            Elias Lindholm           John Klingberg           Brandon Montour          

Last Minutes Defensive
   Center                   Left Wing                Right Wing               Defense                  Defense                  
   Ryan O'Reilly            Sebastian Aho            Elias Lindholm           John Klingberg           Brandon Montour          

Goaltenders
Starting : Pavel Francouz           
Backup : Casey DeSmith            

Extra Forwards
Normal : Lucas Wallmark, Jake Virtanen, Filip Chytil - PP : Lucas Wallmark, Jake Virtanen - PK : Filip Chytil
Extra Defensemen
Normal : Dylan DeMelo, Josh Brown, Vladislav Gavrikov - PP : Dylan DeMelo - PK : Josh Brown, Vladislav Gavrikov
Penalty Shots
Ryan O'Reilly, Sebastian Aho, Elias Lindholm, Mathew Barzal, Filip Forsberg

Scratches
Anthony Bitetto (Healthy), Sonny Milano (Healthy), TB Cap Hit (Healthy)

% Time on Ice - BUFFALO

Lines # - Real PCT - Wanted PCT - Time Play
Normal Forward
1 - 34% - 35% - 18:14
2 - 30% - 30% - 16:03
3 - 25% - 25% - 13:41
4 - 11% - 10% - 5:55
Normal Defense
1 - 34% - 35% - 18:20
2 - 32% - 30% - 17:23
3 - 28% - 25% - 14:54
4 - 6% - 10% - 3:16
PP Forward
1 - 0% - 60%
2 - 0% - 40%
PP Defense
1 - 0% - 60%
2 - 0% - 40%
PK Forward
1 - 75% - 60% - 4:35
2 - 25% - 40% - 1:32
PK Defense
1 - 57% - 60% - 3:28
2 - 43% - 40% - 2:39
PK3 Forward
1 - 0% - 60%
2 - 0% - 40%
PK3 Defense
1 - 0% - 60%
2 - 0% - 40%
44 Forward
1 - 0% - 60%
2 - 0% - 40%
44 Defense
1 - 0% - 60%
2 - 0% - 40%
Last Minute Offensive  - 0:00
Last Minute Defensive  - 0:00
Total
Forward - 60:00
Defense - 60:00

% Time on Ice - TAMPA BAY

Lines # - Real PCT - Wanted PCT - Time Play
Normal Forward
1 - 32% - 35% - 17:09
2 - 30% - 30% - 16:10
3 - 29% - 25% - 15:50
4 - 9% - 10% - 4:44
Normal Defense
1 - 32% - 35% - 17:21
2 - 30% - 30% - 16:11
3 - 33% - 25% - 17:54
4 - 5% - 10% - 2:27
PP Forward
1 - 47% - 60% - 2:54
2 - 53% - 40% - 3:13
PP Defense
1 - 53% - 60% - 3:16
2 - 47% - 40% - 2:51
PK Forward
1 - 0% - 60%
2 - 0% - 40%
PK Defense
1 - 0% - 60%
2 - 0% - 40%
PK3 Forward
1 - 0% - 60%
2 - 0% - 40%
PK3 Defense
1 - 0% - 60%
2 - 0% - 40%
44 Forward
1 - 0% - 60%
2 - 0% - 40%
44 Defense
1 - 0% - 60%
2 - 0% - 40%
Last Minute Offensive  - 0:00
Last Minute Defensive  - 0:00
Total
Forward - 60:00
Defense - 60:00

Play-by-Play

1st period


0:01 of 1st period - Eric Staal wins face-off versus Ryan O'Reilly in neutral zone.
0:06 of 1st period - Shot by Brad Marchand.
0:06 of 1st period - Shot Misses the Net.
0:39 of 1st period - Roman Josi is hit by Elias Lindholm and loses puck.
1:40 of 1st period - Shot by Robby Fabbri.
1:40 of 1st period - Shot Misses the Net.
1:52 of 1st period - Shot by Filip Chytil.
1:52 of 1st period - Stopped by Tuukka Rask without a rebound.
1:53 of 1st period - Jordan Staal wins face-off versus Tyson Jost in BUFFALO zone.
1:59 of 1st period - Minor Penalty to Marco Scandella for Roughing.
2:00 of 1st period - Brad Marchand wins face-off versus Ryan O'Reilly in BUFFALO zone.
2:09 of 1st period - Shot by Brandon Montour.
2:09 of 1st period - Goal by Brandon Montour - BUFFALO : 0 - TAMPA BAY : 1.
2:10 of 1st period - Jordan Staal wins face-off versus Robby Fabbri in neutral zone.
2:21 of 1st period - Jordan Staal is hit by Josh Brown and loses puck.
2:32 of 1st period - Shot by Frank Vatrano.
2:32 of 1st period - Stopped by Pavel Francouz without a rebound.
2:33 of 1st period - Tyson Jost wins face-off versus Noel Acciari in TAMPA BAY zone.
2:51 of 1st period - Drew Doughty is hit by Brandon Montour and loses puck.
3:07 of 1st period - Shot by Jesper Bratt.
3:07 of 1st period - Stopped by Tuukka Rask without a rebound.
3:08 of 1st period - Jordan Staal wins face-off versus Mathew Barzal in BUFFALO zone.
3:08 of 1st period - Jordan Staal is hit by Filip Forsberg.
3:26 of 1st period - Shot by Filip Forsberg.
3:26 of 1st period - Goal by Filip Forsberg - BUFFALO : 0 - TAMPA BAY : 2.
3:27 of 1st period - Matt Duchene wins face-off versus Filip Chytil in neutral zone.
4:05 of 1st period - Shot by Matt Duchene.
4:05 of 1st period - Deflect By Alex Killorn.
4:05 of 1st period - Stopped by Pavel Francouz without a rebound.
4:06 of 1st period - Eric Staal wins face-off versus Ryan O'Reilly in TAMPA BAY zone.
4:21 of 1st period - Shot by Phil Kessel.
4:21 of 1st period - Shot Misses the Net.
4:50 of 1st period - Icing by Roman Josi.
4:51 of 1st period - Eric Staal wins face-off versus Mathew Barzal in BUFFALO zone.
4:51 of 1st period - Eric Staal is hit by Filip Forsberg.
4:57 of 1st period - Shot by Roman Josi.
4:57 of 1st period - Deflect By Phil Kessel.
4:57 of 1st period - Shot Misses the Net.
5:17 of 1st period - Shot by James van Riemsdyk.
5:17 of 1st period - Stopped by Pavel Francouz with a rebound.
5:35 of 1st period - Shot by Frank Vatrano.
5:35 of 1st period - Shot Blocked by Viktor Arvidsson.
5:41 of 1st period - Shot by Frank Vatrano.
5:41 of 1st period - Stopped by Pavel Francouz without a rebound.
5:42 of 1st period - Matt Duchene wins face-off versus Filip Chytil in TAMPA BAY zone.
6:05 of 1st period - Shot by Matt Duchene.
6:05 of 1st period - Shot Misses the Net.
6:15 of 1st period - Shot by Filip Chytil.
6:15 of 1st period - Shot Misses the Net.
8:37 of 1st period - Shot by Frank Vatrano.
8:37 of 1st period - Shot Misses the Net.
8:41 of 1st period - Shot by Frank Vatrano.
8:41 of 1st period - Shot Misses the Net.
8:43 of 1st period - Shot by Shea Theodore.
8:43 of 1st period - Shot Misses the Net.
9:13 of 1st period - Jordan Staal is hit by Jake Virtanen and loses puck.
9:19 of 1st period - Off-side.
9:20 of 1st period - Matt Duchene wins face-off versus Tyson Jost in neutral zone.
9:23 of 1st period - Shot by Roman Josi.
9:23 of 1st period - Stopped by Pavel Francouz without a rebound.
9:24 of 1st period - Mathew Barzal wins face-off versus Charlie Coyle in TAMPA BAY zone.
9:34 of 1st period - Roman Josi is hit by Vladislav Gavrikov and loses puck.
9:42 of 1st period - Charlie Coyle is hit by Vladislav Gavrikov and loses puck.
9:57 of 1st period - Shot by Matt Duchene.
9:57 of 1st period - Deflect By Alex Killorn.
9:57 of 1st period - Stopped by Pavel Francouz with a rebound.
9:59 of 1st period - Shot by Roman Josi.
9:59 of 1st period - Shot Misses the Net.
10:01 of 1st period - Shot by Roman Josi.
10:01 of 1st period - Shot Misses the Net.
10:24 of 1st period - Icing by Vladislav Gavrikov.
10:25 of 1st period - Eric Staal wins face-off versus Mathew Barzal in TAMPA BAY zone.
10:32 of 1st period - Shot by Eric Staal.
10:32 of 1st period - Shot Misses the Net.
10:34 of 1st period - Shot by Phil Kessel.
10:34 of 1st period - Shot Misses the Net.
10:52 of 1st period - Shot by Phil Kessel.
10:52 of 1st period - Stopped by Pavel Francouz without a rebound.
10:53 of 1st period - Ryan O'Reilly wins face-off versus Jordan Staal in TAMPA BAY zone.
10:53 of 1st period - Minor Penalty to Jordan Staal for High sticking.
10:54 of 1st period - Ryan O'Reilly wins face-off versus Brad Marchand in BUFFALO zone.
10:54 of 1st period - Elias Lindholm is hit by Roman Josi and loses puck.
11:01 of 1st period - Shot by Elias Lindholm.
11:01 of 1st period - Stopped by Tuukka Rask without a rebound.
11:02 of 1st period - Ryan O'Reilly wins face-off versus Brad Marchand in BUFFALO zone.
11:19 of 1st period - Shot by Ryan O'Reilly.
11:19 of 1st period - Shot Misses the Net.
11:21 of 1st period - Shot by Brandon Montour.
11:21 of 1st period - Stopped by Tuukka Rask with a rebound.
11:23 of 1st period - Shot by Brandon Montour.
11:23 of 1st period - Shot Blocked by Drew Doughty.
11:25 of 1st period - Shot by Elias Lindholm.
11:25 of 1st period - Stopped by Tuukka Rask without a rebound.
11:26 of 1st period - Ryan O'Reilly wins face-off versus Brad Marchand in BUFFALO zone.
11:54 of 1st period - Shot by Ryan O'Reilly.
11:54 of 1st period - Shot Blocked by Shea Theodore.
12:10 of 1st period - Shot by Mathew Barzal.
12:10 of 1st period - Shot Misses the Net.
12:24 of 1st period - Shot by Viktor Arvidsson.
12:24 of 1st period - Shot Misses the Net.
13:29 of 1st period - Icing by Jake Virtanen.
13:30 of 1st period - Noel Acciari wins face-off versus Filip Chytil in TAMPA BAY zone.
13:33 of 1st period - Shot by Carl Hagelin.
13:33 of 1st period - Deflect By Ondrej Kase.
13:33 of 1st period - Stopped by Pavel Francouz with a rebound.
13:35 of 1st period - Shot by Noel Acciari.
13:35 of 1st period - Shot Blocked by Filip Chytil.
13:46 of 1st period - Off-side.
13:47 of 1st period - Ryan O'Reilly wins face-off versus Matt Duchene in neutral zone.
14:05 of 1st period - Icing by Brandon Montour.
14:06 of 1st period - Ryan O'Reilly wins face-off versus Eric Staal in TAMPA BAY zone.
14:15 of 1st period - Elias Lindholm is hit by Brad Marchand and loses puck.
14:24 of 1st period - Shot by Sebastian Aho.
14:24 of 1st period - Stopped by Tuukka Rask without a rebound.
14:25 of 1st period - Matt Duchene wins face-off versus Mathew Barzal in BUFFALO zone.
14:25 of 1st period - Matt Duchene is hit by Filip Forsberg.
14:30 of 1st period - Off-side.
14:31 of 1st period - Mathew Barzal wins face-off versus Eric Staal in neutral zone.
14:51 of 1st period - Filip Forsberg is hit by Roman Josi and loses puck.
15:07 of 1st period - Filip Forsberg is hit by Drew Doughty and loses puck.
15:21 of 1st period - Off-side.
15:22 of 1st period - Ryan O'Reilly wins face-off versus Matt Duchene in neutral zone.
15:27 of 1st period - Shot by Sebastian Aho.
15:27 of 1st period - Shot Misses the Net.
15:31 of 1st period - Shot by Sebastian Aho.
15:31 of 1st period - Shot Hit the Post.
15:33 of 1st period - Shot by Ryan O'Reilly.
15:33 of 1st period - Shot Misses the Net.
15:35 of 1st period - Shot by Sebastian Aho.
15:35 of 1st period - Shot Misses the Net.
15:37 of 1st period - Shot by Ryan O'Reilly.
15:37 of 1st period - Deflect By Elias Lindholm.
15:37 of 1st period - Shot Misses the Net.
15:39 of 1st period - Shot by Elias Lindholm.
15:39 of 1st period - Stopped by Tuukka Rask without a rebound.
15:40 of 1st period - Jordan Staal wins face-off versus Filip Chytil in BUFFALO zone.
15:40 of 1st period - Jordan Staal is hit by Jake Virtanen.
16:02 of 1st period - Shot by Jake Virtanen.
16:02 of 1st period - Stopped by Tuukka Rask with a rebound.
16:16 of 1st period - Shot by Filip Chytil.
16:16 of 1st period - Stopped by Tuukka Rask with a rebound.
16:27 of 1st period - Off-side.
16:28 of 1st period - Ryan O'Reilly wins face-off versus Matt Duchene in neutral zone.
16:49 of 1st period - Shot by Elias Lindholm.
16:49 of 1st period - Stopped by Tuukka Rask with a rebound.
18:22 of 1st period - Shot by Matt Grzelcyk.
18:22 of 1st period - Shot Misses the Net.
18:24 of 1st period - Shot by Carl Hagelin.
18:24 of 1st period - Shot Misses the Net.
18:28 of 1st period - Shot by Noel Acciari.
18:28 of 1st period - Stopped by Pavel Francouz without a rebound.
18:29 of 1st period - Jordan Staal wins face-off versus Mathew Barzal in TAMPA BAY zone.
18:48 of 1st period - Shot by Mathew Barzal.
18:48 of 1st period - Shot Blocked by Drew Doughty.
18:58 of 1st period - Shot by Viktor Arvidsson.
18:58 of 1st period - Stopped by Tuukka Rask without a rebound.
18:59 of 1st period - Matt Duchene wins face-off versus Filip Chytil in BUFFALO zone.
19:06 of 1st period - Shot by Filip Chytil.
19:06 of 1st period - Stopped by Tuukka Rask without a rebound.
19:07 of 1st period - Eric Staal wins face-off versus Filip Chytil in BUFFALO zone.
19:28 of 1st period - Shot by Dylan DeMelo.
19:28 of 1st period - Shot Misses the Net.
19:30 of 1st period - Shot by Josh Brown.
19:30 of 1st period - Stopped by Tuukka Rask with a rebound.
19:32 of 1st period - Shot by Josh Brown.
19:32 of 1st period - Shot Misses the Net.
Goals for this period are 0 for BUFFALO vs 2 for TAMPA BAY.
Shots for this period are 9 for BUFFALO vs 15 for TAMPA BAY.

2nd period


0:01 of 2nd period - Matt Duchene wins face-off versus Tyson Jost in neutral zone.
0:15 of 2nd period - Tyson Jost is hit by Drew Doughty.
0:17 of 2nd period - Shot by Ryan O'Reilly.
0:17 of 2nd period - Shot Misses the Net.
0:19 of 2nd period - Shot by John Klingberg.
0:19 of 2nd period - Stopped by Tuukka Rask without a rebound.
0:20 of 2nd period - Mathew Barzal wins face-off versus Jordan Staal in BUFFALO zone.
0:29 of 2nd period - Shot by Filip Forsberg.
0:29 of 2nd period - Shot Misses the Net.
0:58 of 2nd period - James van Riemsdyk is hit by Filip Forsberg and loses puck.
2:08 of 2nd period - Shot by Charlie Coyle.
2:08 of 2nd period - Shot Blocked by Dylan DeMelo.
3:14 of 2nd period - Shot by Viktor Arvidsson.
3:14 of 2nd period - Deflect By Filip Forsberg.
3:14 of 2nd period - Stopped by Tuukka Rask without a rebound.
3:15 of 2nd period - Tyson Jost wins face-off versus Carl Hagelin in BUFFALO zone.
3:17 of 2nd period - Ryan O'Reilly is hit by Marco Scandella and loses puck.
3:57 of 2nd period - Drew Doughty is hit by Tyson Jost and loses puck.
5:05 of 2nd period - Icing by Rasmus Andersson.
5:06 of 2nd period - Matt Duchene wins face-off versus Mathew Barzal in TAMPA BAY zone.
5:06 of 2nd period - Charlie Coyle is hit by Rasmus Andersson.
5:08 of 2nd period - Shot by Matt Duchene.
5:08 of 2nd period - Stopped by Pavel Francouz with a rebound.
6:36 of 2nd period - Shot by Jordan Staal.
6:36 of 2nd period - Deflect By James van Riemsdyk.
6:36 of 2nd period - Shot Misses the Net.
6:38 of 2nd period - Shot by Matt Grzelcyk.
6:38 of 2nd period - Stopped by Pavel Francouz without a rebound.
6:39 of 2nd period - Ryan O'Reilly wins face-off versus Noel Acciari in TAMPA BAY zone.
7:52 of 2nd period - Tyson Jost is hit by Matt Grzelcyk.
8:12 of 2nd period - Shot by Eric Staal.
8:12 of 2nd period - Shot Blocked by Vladislav Gavrikov.
8:32 of 2nd period - Shot by Mathew Barzal.
8:32 of 2nd period - Stopped by Tuukka Rask without a rebound.
8:33 of 2nd period - Matt Duchene wins face-off versus Filip Chytil in BUFFALO zone.
9:05 of 2nd period - Icing by Alex Killorn.
9:06 of 2nd period - Ryan O'Reilly wins face-off versus Matt Duchene in BUFFALO zone.
10:38 of 2nd period - Shot by Brad Marchand.
10:38 of 2nd period - Stopped by Pavel Francouz without a rebound.
10:39 of 2nd period - Jordan Staal wins face-off versus Mathew Barzal in TAMPA BAY zone.
11:02 of 2nd period - Shot by Viktor Arvidsson.
11:02 of 2nd period - Shot Misses the Net.
11:04 of 2nd period - Shot by Mathew Barzal.
11:04 of 2nd period - Stopped by Tuukka Rask without a rebound.
11:05 of 2nd period - Ondrej Kase wins face-off versus Robby Fabbri in BUFFALO zone.
11:05 of 2nd period - Roman Josi is hit by Filip Chytil and loses puck.
11:11 of 2nd period - Icing by Drew Doughty.
11:12 of 2nd period - Filip Chytil wins face-off versus Noel Acciari in BUFFALO zone.
11:29 of 2nd period - Shot by Jake Virtanen.
11:29 of 2nd period - Stopped by Tuukka Rask without a rebound.
11:30 of 2nd period - Eric Staal wins face-off versus Mathew Barzal in BUFFALO zone.
11:43 of 2nd period - Shot by John Klingberg.
11:43 of 2nd period - Shot Misses the Net.
12:03 of 2nd period - Shot by Phil Kessel.
12:03 of 2nd period - Shot Misses the Net.
12:50 of 2nd period - Shot by Robby Fabbri.
12:50 of 2nd period - Shot Blocked by Marco Scandella.
13:23 of 2nd period - Icing by Sebastian Aho.
13:24 of 2nd period - Ryan O'Reilly wins face-off versus Jordan Staal in TAMPA BAY zone.
13:24 of 2nd period - Ryan O'Reilly is hit by Jordan Staal.
14:14 of 2nd period - Dylan DeMelo is hit by Drew Doughty.
14:54 of 2nd period - Minor Penalty to Charlie Coyle for Hooking.
14:55 of 2nd period - Mathew Barzal wins face-off versus Noel Acciari in BUFFALO zone.
15:00 of 2nd period - Shot by Vladislav Gavrikov.
15:00 of 2nd period - Stopped by Tuukka Rask with a rebound.
15:02 of 2nd period - Shot by Mathew Barzal.
15:02 of 2nd period - Deflect By Viktor Arvidsson.
15:02 of 2nd period - Stopped by Tuukka Rask without a rebound.
15:03 of 2nd period - Brad Marchand wins face-off versus Mathew Barzal in BUFFALO zone.
16:57 of 2nd period - Jesper Bratt is hit by Alex Killorn and loses puck.
16:58 of 2nd period - Minor Penalty to Alex Killorn for Boarding.
16:59 of 2nd period - Brad Marchand wins face-off versus Mathew Barzal in BUFFALO zone.
16:59 of 2nd period - Brad Marchand is hit by Filip Forsberg.
17:46 of 2nd period - Shot by Elias Lindholm.
17:46 of 2nd period - Stopped by Tuukka Rask without a rebound.
17:47 of 2nd period - Ryan O'Reilly wins face-off versus Brad Marchand in BUFFALO zone.
18:26 of 2nd period - Icing by Rasmus Andersson.
18:27 of 2nd period - Phil Kessel wins face-off versus Filip Forsberg in TAMPA BAY zone.
19:32 of 2nd period - Matt Grzelcyk is hit by Jake Virtanen and loses puck.
Goals for this period are 0 for BUFFALO vs 0 for TAMPA BAY.
Shots for this period are 3 for BUFFALO vs 8 for TAMPA BAY.

3rd period


0:01 of 3rd period - Ryan O'Reilly wins face-off versus Eric Staal in neutral zone.
0:13 of 3rd period - Icing by Brad Marchand.
0:14 of 3rd period - Eric Staal wins face-off versus Mathew Barzal in BUFFALO zone.
0:14 of 3rd period - Drew Doughty is hit by Filip Forsberg.
0:37 of 3rd period - Shot by Phil Kessel.
0:37 of 3rd period - Deflect By Eric Staal.
0:37 of 3rd period - Stopped by Pavel Francouz without a rebound.
0:38 of 3rd period - Ryan O'Reilly wins face-off versus Alex Killorn in TAMPA BAY zone.
1:14 of 3rd period - Shot by Elias Lindholm.
1:14 of 3rd period - Shot Misses the Net.
1:16 of 3rd period - Shot by Elias Lindholm.
1:16 of 3rd period - Stopped by Tuukka Rask with a rebound.
1:18 of 3rd period - Shot by Sebastian Aho.
1:18 of 3rd period - Shot Misses the Net.
1:20 of 3rd period - Shot by Elias Lindholm.
1:20 of 3rd period - Stopped by Tuukka Rask with a rebound.
1:59 of 3rd period - Shot by Viktor Arvidsson.
1:59 of 3rd period - Stopped by Tuukka Rask without a rebound.
2:00 of 3rd period - Jordan Staal wins face-off versus Filip Chytil in BUFFALO zone.
2:32 of 3rd period - Icing by Josh Brown.
2:33 of 3rd period - Filip Chytil wins face-off versus Eric Staal in TAMPA BAY zone.
2:33 of 3rd period - Filip Chytil is hit by Brad Marchand.
2:47 of 3rd period - Shot by Phil Kessel.
2:47 of 3rd period - Shot Misses the Net.
6:04 of 3rd period - Shot by Eric Staal.
6:04 of 3rd period - Stopped by Pavel Francouz without a rebound.
6:05 of 3rd period - Charlie Coyle wins face-off versus Mathew Barzal in TAMPA BAY zone.
6:32 of 3rd period - Shot by Mathew Barzal.
6:32 of 3rd period - Shot Blocked by Matt Grzelcyk.
6:34 of 3rd period - Shot by Mathew Barzal.
6:34 of 3rd period - Stopped by Tuukka Rask with a rebound.
6:36 of 3rd period - Shot by Filip Forsberg.
6:36 of 3rd period - Stopped by Tuukka Rask without a rebound.
6:37 of 3rd period - Ryan O'Reilly wins face-off versus Eric Staal in BUFFALO zone.
6:43 of 3rd period - Icing by Roman Josi.
6:44 of 3rd period - Eric Staal wins face-off versus Filip Chytil in BUFFALO zone.
7:40 of 3rd period - Charlie Coyle is hit by Sebastian Aho and loses puck.
7:44 of 3rd period - Icing by Matt Grzelcyk.
7:45 of 3rd period - Matt Duchene wins face-off versus Mathew Barzal in BUFFALO zone.
7:56 of 3rd period - Shot by Filip Forsberg.
7:56 of 3rd period - Deflect By Mathew Barzal.
7:56 of 3rd period - Goal by Mathew Barzal - BUFFALO : 0 - TAMPA BAY : 3.
7:57 of 3rd period - Ryan O'Reilly wins face-off versus Jordan Staal in neutral zone.
8:10 of 3rd period - Shot by Sebastian Aho.
8:10 of 3rd period - Stopped by Tuukka Rask without a rebound.
8:11 of 3rd period - Matt Duchene wins face-off versus Mathew Barzal in BUFFALO zone.
8:26 of 3rd period - Off-side.
8:27 of 3rd period - Sebastian Aho wins face-off versus Eric Staal in neutral zone.
8:36 of 3rd period - Shot by Elias Lindholm.
8:36 of 3rd period - Shot Misses the Net.
8:38 of 3rd period - Shot by John Klingberg.
8:38 of 3rd period - Stopped by Tuukka Rask without a rebound.
8:39 of 3rd period - Matt Duchene wins face-off versus Mathew Barzal in BUFFALO zone.
9:18 of 3rd period - Icing by Drew Doughty.
9:19 of 3rd period - Matt Duchene wins face-off versus Elias Lindholm in BUFFALO zone.
9:36 of 3rd period - Shot by Ryan O'Reilly.
9:36 of 3rd period - Stopped by Tuukka Rask without a rebound.
9:37 of 3rd period - Filip Chytil wins face-off versus Eric Staal in BUFFALO zone.
9:52 of 3rd period - Shot by Robby Fabbri.
9:52 of 3rd period - Deflect By Filip Chytil.
9:52 of 3rd period - Shot Misses the Net.
10:27 of 3rd period - Shea Theodore is hit by Brandon Montour and loses puck.
10:38 of 3rd period - Shot by Elias Lindholm.
10:38 of 3rd period - Stopped by Tuukka Rask without a rebound.
10:39 of 3rd period - Jordan Staal wins face-off versus Mathew Barzal in BUFFALO zone.
10:49 of 3rd period - Shot by Rasmus Andersson.
10:49 of 3rd period - Stopped by Tuukka Rask without a rebound.
10:50 of 3rd period - Matt Duchene wins face-off versus Ryan O'Reilly in BUFFALO zone.
11:07 of 3rd period - Drew Doughty is hit by Elias Lindholm and loses puck.
11:21 of 3rd period - Icing by Alex Killorn.
11:22 of 3rd period - Matt Duchene wins face-off versus Mathew Barzal in BUFFALO zone.
11:31 of 3rd period - Shot by Charlie Coyle.
11:31 of 3rd period - Stopped by Pavel Francouz without a rebound.
11:32 of 3rd period - Eric Staal wins face-off versus Filip Chytil in TAMPA BAY zone.
11:47 of 3rd period - Shot by Filip Chytil.
11:47 of 3rd period - Shot Misses the Net.
12:03 of 3rd period - Shot by Robby Fabbri.
12:03 of 3rd period - Goal by Robby Fabbri - BUFFALO : 0 - TAMPA BAY : 4.
12:04 of 3rd period - Sebastian Aho wins face-off versus Jordan Staal in neutral zone.
12:12 of 3rd period - Shot by Jordan Staal.
12:12 of 3rd period - Shot Misses the Net.
12:41 of 3rd period - Shot by James van Riemsdyk.
12:41 of 3rd period - Stopped by Pavel Francouz without a rebound.
12:42 of 3rd period - Eric Staal wins face-off versus Filip Forsberg in TAMPA BAY zone.
14:31 of 3rd period - Shot by Jordan Staal.
14:31 of 3rd period - Shot Blocked by John Klingberg.
15:07 of 3rd period - Shot by Ryan O'Reilly.
15:07 of 3rd period - Shot Misses the Net.
17:08 of 3rd period - Icing by Rasmus Andersson.
17:09 of 3rd period - Mathew Barzal wins face-off versus Jordan Staal in TAMPA BAY zone.
17:09 of 3rd period - Mathew Barzal is hit by Jordan Staal.
17:14 of 3rd period - Off-side.
17:15 of 3rd period - Jordan Staal wins face-off versus Filip Chytil in neutral zone.
17:34 of 3rd period - Shot by Filip Chytil.
17:34 of 3rd period - Shot Blocked by Matt Grzelcyk.
18:14 of 3rd period - Viktor Arvidsson is hit by Marco Scandella and loses puck.
19:07 of 3rd period - Shot by Brad Marchand.
19:07 of 3rd period - Shot Misses the Net.
19:26 of 3rd period - Dylan DeMelo is hit by Alex Killorn.
19:45 of 3rd period - Robby Fabbri is hit by Noah Hanifin.
19:55 of 3rd period - Shot by Jake Virtanen.
19:55 of 3rd period - Stopped by Tuukka Rask without a rebound.
19:56 of 3rd period - Mathew Barzal wins face-off versus Noel Acciari in BUFFALO zone.
Goals for this period are 0 for BUFFALO vs 2 for TAMPA BAY.
Shots for this period are 4 for BUFFALO vs 13 for TAMPA BAY.